 Dungeon Crawl Stone Soup version 0.20.1-1-g8b1a95d (webtiles) character file.

20848 Mesmaeker13 the Fighter (level 12, -19/133 HPs)
             Began as an Ogre Hunter on July 10, 2017.
             Was an Elder of Nemelex Xobeh.
             Demolished by an earth elemental (29 damage)
             ... in a labyrinth on July 11, 2017.
             The game lasted 01:08:38 (18471 turns).

Mesmaeker13 the Fighter (Ogre Hunter)              Turns: 18471, Time: 01:08:38

Health: -19/133    AC:  6    Str: 26    XL:     12   Next: 83%
Magic:  18/18      EV: 14    Int: 14    God:    Nemelex Xobeh [****..]
Gold:   959        SH:  0    Dex:  9    Spells: 8/11 levels left

rFire    . . .     SeeInvis .   P - +2 flail (drain)
rCold    . . .     Gourm    .   (no shield)
rNeg     . . .     Faith    .   R - +2 robe {MR+}
rPois    .         Spirit   .   (helmet restricted)
rElec    .         Reflect  .   K - +0 cloak
rCorr    .         Harm     .   (gloves unavailable)
MR       +++..                  (boots unavailable)
Stlth    +.........             b - amulet of rage
Regen    0.4/turn               X - ring of protection from magic
MPRegen  0.2/turn               a - +5 ring of slaying

@: mighty
A: unfitting armour, tough skin 1
a: Triple Draw, Deal Four, Renounce Religion, Evoke Berserk Rage


You were in a labyrinth.
You worshipped Nemelex Xobeh.
Nemelex Xobeh was greatly pleased with you.
You were not hungry.

You visited 3 branches of the dungeon, and saw 14 of its levels.
You also visited: Labyrinth.

You collected 1019 gold pieces.
You spent 60 gold pieces at shops.

Inventory:

Hand Weapons
 c - a +2 morningstar
 P - a +2 flail of draining (weapon)
Missiles
 h - 232 stones
 I - 6 large rocks (quivered)
 J - 9 tomahawks
Armour
 K - a +0 cloak (worn)
 R - a +2 robe of magic resistance (worn)
 S - a +1 robe of cold resistance
Jewellery
 a - a +5 ring of slaying (right hand)
 b - an amulet of rage (around neck)
 k - an uncursed ring of ice
 y - an uncursed ring of fire
 H - an uncursed ring of positive energy {unknown}
 X - a ring of protection from magic (left hand)
Wands
 d - a wand of iceblast (4/15)
 j - a wand of paralysis (2/24)
 Q - a wand of paralysis (6/24)
 T - a wand of clouds (3/9)
Scrolls
 e - 9 scrolls of teleportation
 f - 2 scrolls of enchant weapon
 l - a scroll of fog {unknown}
 o - 11 scrolls of remove curse
 q - a scroll of enchant armour {unknown}
 x - a scroll of fear {unknown}
 C - 3 scrolls of blinking
 G - 2 scrolls of magic mapping
Potions
 g - 6 potions of curing
 i - a potion of invisibility
 n - 3 potions of might
 s - 2 potions of agility {unknown}
 t - 3 potions of flight
 w - 2 potions of cancellation {unknown}
 z - a potion of mutation {unknown}
 D - 3 potions of magic
 F - a potion of haste {unknown}
 O - 2 potions of berserk rage {unknown}
 U - a potion of lignification
Books
 v - a book of Misfortune

   Spells                             Type                      Level
   a - Confusing Touch                Hexes                        1
   b - Confuse                        Hexes                        3
   c - Gell's Gravitas                Translocation                3
   d - Petrify                        Transmutation/Earth          4
   e - Metabolic Englaciation         Hexes/Ice                    5
   f - Yara's Violent Unravelling     Hexes/Transmutation          5
 E - the Handbook of the Six Allies
   (You found it on level 1 of the Lair of Beasts)

   Spells                             Type                      Level
   a - Dazzling Spray                 Conjuration/Hexes            3
   b - Fulminant Prism                Conjuration/Hexes            4
   c - Summon Ice Beast               Ice/Summoning                4
   d - Ozocubu's Refrigeration        Ice                          6
 Z - a book of Summonings

   Spells                             Type                      Level
   a - Recall                         Summoning/Translocation      3
   b - Aura of Abjuration             Summoning                    5
   c - Summon Demon                   Summoning                    5
   d - Summon Forest                  Summoning/Translocation      5
   e - Summon Mana Viper              Hexes/Summoning              5
   f - Shadow Creatures               Summoning                    6
Miscellaneous
 m - a plain deck of destruction {drawn: 1}
 A - a plain deck of escape {drawn: 1}
 M - a plain deck of summoning {drawn: 2}
 W - a plain deck of destruction {drawn: 2}
Comestibles
 p - 16 fruits
 r - 8 meat rations
 u - 6 bread rations
 B - 8 royal jellies


   Skills:
 + Level 12.9 Fighting
 + Level 9.0 Maces & Flails
 - Level 10.0 Throwing
 + Level 9.5 Dodging
 - Level 0.6 Stealth
 + Level 2.9 Hexes
 - Level 8.0 Invocations


You had 8 spell levels left.
You knew the following spells:

 Your Spells              Type           Power        Failure   Level  Hunger
a - Confuse               Hex            #.......     26%         3    ####...


Dungeon Overview and Level Annotations

Branches:
Dungeon (12/15)            Temple (1/1) D:6            Lair (1/6) D:11
    Orc (0/2) D:12

Altars:
Ashenzari
Cheibriados
Dithmenos
Elyvilon
Fedhas
Gozag
Hepliaklqana
Kikubaaqudgha
Makhleb
Nemelex Xobeh
Okawaru
Qazlal
Ru
Sif Muna
Trog
Uskayaw
Vehumet
Xom
Yredelemnul
Zin
The Shining One

Shops:
D:5 (   D:7 =   D:8 !   D:10 }   D:11 %   D:12 ([

Annotations:
D:1 Terence
D:11 2 runed doors


Innate Abilities, Weirdness & Mutations

You are too large for most types of armour.
You have tough skin. (AC +1)


Message History

The earth elemental is moderately damaged.
You barely miss the earth elemental.
The earth elemental is moderately damaged.
The earth elemental closely misses you.
You feel very mighty all of a sudden.
You hit the earth elemental but do no damage.
The earth elemental is moderately damaged.
The earth elemental hits you!!
* * * LOW HITPOINT WARNING * * *
You sock the earth elemental!
The earth elemental is heavily damaged.
You barely miss the earth elemental.
The earth elemental is heavily damaged.
The earth elemental hits you!!
* * * LOW HITPOINT WARNING * * *
You sock the earth elemental!
The earth elemental is severely damaged.
The earth elemental hits you!!
You die...
Your body glows slightly and disappears.

# ### . #...#
.#. # # ## ...
#.......##.
##### # ##
#.#.......#
#..#####.##...
## #. .[... .#
....###.###..#
## .#..E@...#
.. ##.#####..#
### #.. # ..#
#.# #. #


You could see an earth elemental.

Vanquished Creatures
  The ghost of Quirk the Cleaver, a novice MiFi of Okawaru (D:9)
  4 two-headed ogres
  2 slime creatures (D:12)
  Pikel (D:7)
  A manticore (D:11)
  2 ugly things (D:11)
  A black mamba (Lair:1)
  2 centaur skeletons (D:11)
  A gargoyle (D:11)
  A komodo dragon (Lair:1)
  A yaktaur (D:12)
  3 trolls
  3 hippogriffs
  2 dream sheep (D:8)
  A minotaur skeleton (Lab)
  Sigmund (D:2)
  A shadow (D:12)
  11 yaks
  A wyvern (D:12)
  A hungry ghost (D:11)
  Eustachio (D:4)
  Edmund (D:4)
  2 wargs (D:11)
  An acid dragon (D:11)
  3 water moccasins
  3 orc warriors
  3 sky beasts
  3 ogres
  6 centaurs
  2 phantoms
  A crocodile (D:12)
  3 big kobolds
  7 bullfrogs
  A wyvern skeleton (D:11)
  4 scorpions
  6 killer bees
  14 wights
  7 howler monkeys
  8 crimson imps
  A bullfrog zombie (D:9)
  A quasit (D:6)
  4 hounds
  4 jellies
  4 centaur zombies
  Crazy Yiuf (D:4)
  3 bullfrog skeletons
  10 orc priests
  16 orc wizards
  Jessica (D:2)
  Natasha (thrice) (D:4)
  3 iguanas
  9 worker ants
  A hound zombie (D:7)
  2 ogre skeletons (Lab)
  2 hound skeletons
  10 gnolls
  A howler monkey skeleton (D:8)
  18 adders
  A shadow imp (D:7)
  2 oozes
  An adder skeleton (D:8)
  5 worms
  2 dart slugs
  A leopard gecko (D:5)
  63 orcs
  3 ball pythons
  7 bats
  10 giant cockroaches
  10 goblins
  11 hobgoblins
  19 jackals
  14 kobolds
  6 quokkas
  6 frilled lizards
  A jackal zombie (D:6)
  A leopard gecko skeleton (D:4)
  A quokka skeleton (D:6)
  9 rats
384 creatures vanquished.

Vanquished Creatures (collateral kills)
  2 hydras
  A two-headed ogre (D:11)
  An ugly thing (D:11)
  A black mamba (Lair:1)
  A komodo dragon (Lair:1)
  2 slime creatures (D:12)
  6 yaks
  2 orc warriors
  A necrophage (D:11)
  2 crocodiles
  A big kobold (D:8)
  An orc priest (D:11)
  An orc wizard (D:11)
  A shadow imp (D:12)
  An orc (D:11)
24 creatures vanquished.

Vanquished Creatures (others)
  3 slaves
  A water moccasin (D:7)
  2 jackals (D:7)
6 creatures vanquished.

Grand Total: 414 creatures vanquished

Notes
Turn   | Place    | Note
-------+----------+-------------------------------------------
     0 | D:1      | Mesmaeker13 the Ogre Hunter began the quest for the Orb.
     0 | D:1      | Reached XP level 1. HP: 22/22 MP: 1/1
    95 | D:1      | Reached skill level 3 in Fighting
   326 | D:1      | Reached XP level 2. HP: 31/31 MP: 2/2
   625 | D:1      | Reached XP level 3. HP: 24/37 MP: 3/3
  1551 | D:2      | Noticed Sigmund
  2008 | D:2      | Noticed Terence
  2015 | D:2      | Reached XP level 4. HP: 42/48 MP: 4/4
  2271 | D:2      | Found a sparkling altar of Nemelex Xobeh.
  2447 | D:2      | Reached skill level 4 in Fighting
  2447 | D:2      | Reached skill level 1 in Maces & Flails
  2602 | D:2      | Killed Sigmund
  2602 | D:2      | Reached skill level 5 in Throwing
  2602 | D:2      | Reached XP level 5. HP: 46/55 MP: 5/5
  2602 | D:2      | Reached XP level 6. HP: 54/65 MP: 6/6
  2688 | D:2      | Noticed Jessica
  2694 | D:2      | Killed Jessica
  2824 | D:2      | Reached skill level 5 in Fighting
  4196 | D:3      | Reached XP level 7. HP: 47/72 MP: 7/7
  4802 | D:4      | Noticed Natasha
  4821 | D:4      | Killed Natasha
  5062 | D:4      | Noticed Eustachio
  5083 | D:4      | Noticed Natasha
  5084 | D:4      | Killed Natasha
  5097 | D:5      | Entered Level 5 of the Dungeon
  5097 | D:5      | Found Jifuaw's Antique Weapon Emporium.
  5235 | D:5      | Reached skill level 6 in Fighting
  5530 | D:5      | Reached XP level 8. HP: 61/84 MP: 8/8
  6079 | D:6      | Reached skill level 7 in Fighting
  6440 | D:6      | Reached skill level 5 in Dodging
  6940 | D:6      | Reached XP level 9. HP: 93/96 MP: 9/9
  6982 | D:6      | Reached skill level 8 in Fighting
  7361 | D:6      | Found a staircase to the Ecumenical Temple.
  7374 | Temple   | Entered the Ecumenical Temple
  7481 | Temple   | Became a worshipper of Nemelex Xobeh the Trickster
  7618 | D:6      | Reached skill level 5 in Maces & Flails
  7710 | D:4      | Noticed Natasha
  7716 | D:4      | Killed Natasha
  7772 | D:4      | Found a deep blue altar of Sif Muna.
  7811 | D:4      | Killed Eustachio
  7811 | D:4      | Reached skill level 1 in Invocations
  7821 | D:4      | Noticed Edmund
  7826 | D:4      | Killed Edmund
  7960 | D:4      | Received a gift from Nemelex Xobeh
  8040 | D:4      | Found a runed door.
  8044 | D:4      | Noticed Crazy Yiuf
  8046 | D:4      | Killed Crazy Yiuf
  8568 | D:4      | Reached * piety under Nemelex Xobeh
  8820 | D:7      | Found Ypnop's Jewellery Shop.
  9238 | D:7      | Reached skill level 9 in Fighting
  9248 | D:7      | Received a gift from Nemelex Xobeh
  9490 | D:7      | Noticed Pikel
  9493 | D:7      | Paralysed by Pikel for 2 turns
  9495 | D:7      | Killed Pikel
  9532 | D:7      | Noticed Joseph
  9540 | D:7      | Reached XP level 10. HP: 71/107 MP: 12/12
 10112 | D:7      | Noticed Joseph
 10112 | D:7      | Joseph changed into Joseph the water moccasin
 10120 | D:7      | Killed Joseph the water moccasin
 10586 | D:8      | Found Jogutoa's Distillery.
 10593 | D:8      | Bought a potion of might for 60 gold pieces
 11013 | D:8      | Noticed a three-headed hydra
 11024 | D:8      | Killed a three-headed hydra
 11024 | D:8      | Reached skill level 10 in Fighting
 11145 | D:8      | Noticed a two-headed ogre
 11149 | D:8      | Killed a two-headed ogre
 11149 | D:8      | Reached skill level 5 in Invocations
 11911 | D:9      | Reached ** piety under Nemelex Xobeh
 11986 | D:9      | Reached XP level 11. HP: 102/119 MP: 15/15
 12164 | D:9      | Noticed Quirk's ghost (novice MiFi)
 12188 | D:9      | Killed Quirk's ghost
 13289 | D:9      | Noticed a two-headed ogre
 13295 | D:9      | Killed a two-headed ogre
 13295 | D:9      | Reached skill level 11 in Fighting
 13688 | D:10     | Entered Level 10 of the Dungeon
 13760 | D:10     | Received a gift from Nemelex Xobeh
 14204 | D:10     | Reached *** piety under Nemelex Xobeh
 14204 | D:10     | Received a gift from Nemelex Xobeh
 14314 | D:10     | Found Iribair's Gadget Boutique.
 14917 | D:11     | Found Lisabidi's Food Emporium.
 14932 | D:11     | Noticed a brown ugly thing
 14944 | D:11     | Killed a brown ugly thing
 15574 | D:11     | Noticed a green ugly thing
 15580 | D:11     | Noticed a purple ugly thing
 15591 | D:11     | Killed a purple ugly thing
 15599 | D:11     | Killed a green ugly thing
 15680 | D:11     | Noticed a two-headed ogre
 15695 | D:11     | Killed a two-headed ogre
 15746 | D:11     | Found a staircase to the Lair.
 15751 | D:11     | Noticed a two-headed ogre
 15766 | D:11     | Killed a two-headed ogre
 16212 | D:11     | Reached XP level 12. HP: 122/131 MP: 17/17
 16256 | D:11     | Found a runed door.
 16267 | D:11     | Noticed a two-headed ogre
 16284 | D:11     | Killed a two-headed ogre
 16324 | D:11     | Reached skill level 10 in Throwing
 16327 | D:11     | Noticed an ice dragon
 16328 | D:11     | Noticed a fire dragon
 16328 | D:11     | Noticed a fire dragon
 16328 | D:11     | Noticed an ice dragon
 16337 | D:11     | Found a runed door.
 16392 | D:11     | Reached skill level 12 in Fighting
 16816 | D:12     | Received a gift from Nemelex Xobeh
 16902 | D:12     | Found Izxefod's Armour Emporium.
 16961 | D:12     | Learned a level 3 spell: Confuse
 16972 | D:12     | Found a staircase to the Orcish Mines.
 16974 | D:12     | Found Kitay's Weapon Emporium.
 17305 | D:12     | Reached skill level 1 in Hexes
 17573 | D:12     | Reached **** piety under Nemelex Xobeh
 17594 | D:12     | Received a gift from Nemelex Xobeh
 18024 | Lair:1   | Entered Level 1 of the Lair of Beasts
 18243 | Lair:1   | Identified the Handbook of the Six Allies
 18267 | Lair:1   | Found a labyrinth entrance.
 18271 | Lair:1   | Noticed a five-headed hydra
 18276 | Lair:1   | Killed a five-headed hydra
 18288 | Lab      | Entered a labyrinth
 18471 | Lab      | Demolished by an earth elemental

Skill      XL: |  1  2  3  4  5  6  7  8  9 10 11 12 |
---------------+-------------------------------------+-----
Fighting       | 3 4 5 6 7 9 10 11 12 | 12.9
Dodging        | 2 3 4 5 6 7 8 9 |  9.5
Maces & Flails | 2 3 4 5 6 8 9 |  9.0
Throwing       | 5 6 7 8 9 10 | 10.0
Invocations    | 3 5 7 8 |  8.0
Hexes          | 2 |  2.9
Stealth        | |  0.6

Action                   |  1- 3 |  4- 6 |  7- 9 | 10-12 || total
-------------------------+-------+-------+-------+-------++-------
Melee: Short sword       |    83 |       |       |       ||    83
       Club              |    97 |    18 |       |       ||   115
       Dagger            |       |   119 |       |       ||   119
       Mace              |       |       |   133 |       ||   133
       Morningstar       |       |       |   126 |       ||   126
       Flail             |       |       |    12 |   545 ||   557
Throw: Large rock        |    14 |     2 |    32 |    19 ||    67
       Throwing net      |     4 |     1 |     1 |     1 ||     7
       Stone             |       |     8 |    35 |    46 ||    89
       Tomahawk          |       |       |    20 |    27 ||    47
Evoke: Wand              |       |       |     9 |     8 ||    17
       Deck              |       |       |       |    20 ||    20
  Use: Scroll            |     3 |       |     3 |     7 ||    13
       Potion            |       |       |     2 |     5 ||     7
 Stab: Held in net/web   |     1 |       |       |       ||     1
       Sleeping          |       |     4 |     5 |     6 ||    15
       Paralysed         |       |       |       |     8 ||     8
       Distracted        |       |       |       |     1 ||     1
       Petrified         |       |       |       |     1 ||     1
  Eat: Chunk             |     3 |     3 |    17 |    25 ||    48
       Bread ration      |     1 |       |       |       ||     1
       Fruit             |       |       |       |     3 ||     3
       Royal jelly       |       |       |       |     2 ||     2
Armor: Robe              |   104 |    30 |    71 |   111 ||   316
       Skin              |       |       |    11 |       ||    11
Dodge: Dodged            |   164 |    69 |   200 |   296 ||   729
